 Dungeon Crawl Stone Soup version 0.28.0-47-ge53b351184 (webtiles) character file.

Game seed: 3922111327824993650

101 firemarshallily the Caller (level 4, -5/30 HPs)
             Began as a Merfolk Summoner on May 6, 2022.
             Killed by divine providence
             ... invoked by an orc priest
              (15 damage)
             ... on level 3 of the Dungeon.
             The game lasted 00:10:46 (3013 turns).

firemarshallily the Caller (Merfolk Summoner)       Turns: 3013, Time: 00:10:46

Health: -5/30      AC:  3    Str:  8    XL:     4   Next: 75%
Magic:  2/8        EV: 13    Int: 16    God:
Gold:   100        SH:  0    Dex: 14    Spells: 3/9 levels left

rFire   + . .      SeeInvis .   d - staff of fire
rCold   . . .      Faith    .   (no shield)
rNeg    . . .      Spirit   .   a - +1 robe
rPois   .          Reflect  .   (no helmet)
rElec   .          Harm     .   (no cloak)
rCorr   .          Rampage  .   (no gloves)
Will    .....                   (no boots)
Stlth   ++........              (no amulet)
HPRegen 0.10/turn               (no ring)
MPRegen 0.11/turn               (no ring)

@: no status effects
A: (nimble swimmer 2), mertail
a: no special abilities


You were on level 3 of the Dungeon.
You visited 1 branch of the dungeon, and saw 3 of its levels.

You collected 100 gold pieces.

Inventory:

Missiles
 b - 6 poisoned darts (quivered)
 e - 64 stones
Armour
 a - a +1 robe (worn)
 c - a +0 ring mail of poison resistance
Magical Staves
 d - a staff of fire (weapon)
Potions
 f - a potion of lignification {unknown}
 i - 2 potions of invisibility {unknown}


   Skills:
 + Level 2.1 Polearms
 - Level 3.0 Dodging
 - Level 2.4 Stealth
 * Level 3.1 Spellcasting
 * Level 4.8 Summonings


You had 3 spell levels left.
You knew the following spells:

 Your Spells              Type           Power      Damage    Failure   Level
a - Summon Small Mammal   Summ           68%        N/A       2%          1
b - Call Imp              Summ           17%        N/A       3%          2
c - Call Canine Familiar  Summ           17%        N/A       8%          3

Your spell library contained the following spells:

 Spells                   Type           Power      Damage    Failure   Level
 Shock                    Conj/Air       8%         1d3       19%         1
 Summon Guardian Golem    Hex/Summ       10%        N/A       21%         3
 Swiftness                Air            2%         N/A       50%         3
 Summon Ice Beast         Ice/Summ       10%        N/A       56%         4
 Summon Lightning Spire   Summ/Air       10%        N/A       56%         4
 Airstrike                Air            1%         N/A       88%         4
 Hailstorm                Conj/Ice       2%         3d3       88%         4
 Ice Form                 Ice/Tmut       2%         N/A       88%         4
 Summon Mana Viper        Hex/Summ       10%        N/A       88%         5
 Simulacrum               Ice/Necr       1%         N/A       100%        6
 Monstrous Menagerie      Summ           8%         N/A       100%        7


Dungeon Overview and Level Annotations

Branches:
Dungeon (3/15)

Altars:
Hepliaklqana

Shops:
D:3 *


Innate Abilities, Weirdness & Mutations

((You are very nimble when in or above water. (Stealth+, EV+, Speed+++)))
Your lower body shifts to a powerful aquatic tail in water.


Message History

Your quokka bites the orc.
The orc dies!
The orc priest misses you.
The orc priest barely misses your hound.
Your crimson imp blinks!
The orc hits your hound with a +0 whip.
Your hound barely misses the orc.
The orc barely misses your hound.
Your rat bites the orc.
You hit the orc priest.
The orc priest is lightly wounded.
Your quokka barely misses the orc priest.
Your hound bites the orc but does no damage.
The orc priest casts a cantrip, but nothing happens.
The orc priest hits your hound with a +4 flail!
Your hound dies!
Your hound's corpse disappears in a puff of smoke!
Your quokka bites the orc priest but does no damage.
The orc priest hits you with a +0 dagger.
You closely miss the orc priest.
The orc priest is lightly wounded.
The orc hits your quokka with a +0 whip.
Your crimson imp blinks!
Your rat bites the orc.
Your quokka bites the orc priest.
The orc priest invokes the aid of Beogh against your quokka.
Your quokka is smitten.
Your quokka dies!
Your quokka's corpse disappears in a puff of smoke!
Your rat completely misses the orc.
The orc priest miscasts a cantrip.
Casting: Summon Small Mammal (safe; 2% risk of failure)
Confirm with . or Enter, or press ? or * to list all spells.
Your rat bites the orc but does no damage.
The orc closely misses you.
The orc priest mumbles some strange prayers to Beogh against you.
Beogh smites you!
Ouch! That really hurt!
The orc barely misses your rat.
The orc priest invokes the aid of Beogh against you.
Beogh smites you!
Ouch! That really hurt!
You die...

............#
...........#
#..........#
#..........
#......(...
#...r5######
#.ooo.......
......#o##.#.###
##### #######@#
# ....# #....b#
###.# #.#####
#.# #.# #.#
#####b# #.#
#rb...# #.#
#.##### #.# #.#
#.####b#


You could see 2 orc priests, 2 orcs, a friendly crimson imp (summoned), a
friendly bat (summoned) and a friendly rat (summoned).

Vanquished Creatures
  An adder (D:2)
  A dart slug (D:1)
  2 ball pythons
  A giant cockroach (D:1)
  3 jackals (D:1)
  2 kobolds
  A quokka (D:1)
  A bat (D:2)
12 creatures vanquished.

Vanquished Creatures (collateral kills)
  Terence (D:2)
  An adder (D:2)
  An orc (D:3)
  5 ball pythons
  An endoplasm (D:1)
  3 goblins
  5 hobgoblins
  4 jackals
  3 kobolds
  3 quokkas
  A bat (D:2)
  5 frilled lizards
  5 rats (D:1)
38 creatures vanquished.

Grand Total: 50 creatures vanquished

Notes
Turn   | Place    | Note
-------+----------+-------------------------------------------
     0 | D:1      | firemarshallily the Merfolk Summoner began the quest for
                  | the Orb.
     0 | D:1      | Reached XP level 1. HP: 13/13 MP: 3/3
   269 | D:1      | Reached XP level 2. HP: 4/19 MP: 1/5
  1181 | D:1      | Learned a level 2 spell: Call Imp
  1316 | D:1      | Reached XP level 3. HP: 24/24 MP: 2/6
  1375 | D:1      | Learned a level 3 spell: Call Canine Familiar
  1685 | D:2      | Reached skill level 1 in Polearms
  1779 | D:2      | Noticed Terence
  1808 | D:2      | Killed Terence
  1809 | D:2      | Reached XP level 4. HP: 22/30 MP: 3/8
  1939 | D:2      | Found a faded altar of an unknown god.
  2673 | D:3      | Found a hazy altar of Hepliaklqana.
  2849 | D:3      | Found Vaollaxaco's Assorted Antiques.
  3013 | D:3      | Killed from afar by an orc priest

Illustrated notes

Levels and vault maps discovered:
D:1:      psy_arrival_radial02, layout_basic
D:2:      layout_rooms, shapermc_ecumenical_altar_notcrosses, uniq_terence
D:3:      layout_basic, mainiacjoe_overflow_surrounded_room, serial_shops,
          nicolae_shop_advertising_works [nicolae_subvault_shop_adworks],
          guppyfry_early_orc_mine, uniq_ijyb

Skill      XL: |  1  2  3  4 |
---------------+-------------+-----
Dodging        | 3 |  3.0
Polearms       | 1 2 |  2.1
Spellcasting   | 3 |  3.1
Stealth        | |  2.4
Summonings     | |  4.8

Action                   |  1- 3 |  4- 6 || total
-------------------------+-------+-------++-------
Melee: Staff             |    42 |    27 ||    69
       Unarmed           |     1 |       ||     1
       Punch             |       |     1 ||     1
Throw: Dart              |     2 |       ||     2
 Cast: Summon Small Mamm |    44 |    27 ||    71
       Call Imp          |     4 |    11 ||    15
       Call Canine Famil |     2 |     1 ||     3
  Use: Scroll            |     1 |     2 ||     3
       Potion            |     1 |       ||     1
 Stab: Distracted        |     2 |     1 ||     3
Armor: Robe              |    14 |     5 ||    19
Dodge: Dodged            |    49 |    13 ||    62
